 Dungeon Crawl Stone Soup version 0.21.0-3-g78d12a8 (webtiles) character file.

33259 Inarius the Frost Mage (level 13, -10/96 HPs)
             Began as a Black Draconian Ice Elementalist on Jan 11, 2018.
             Was a High Priest of Hepliaklqana.
             Engulfed by a cloud of flame (23 damage)
             ... in a volcano on Jan 12, 2018.
             The game lasted 01:08:54 (16583 turns).

Inarius the Frost Mage (DrIE)                      Turns: 16583, Time: 01:08:54

Health: -10/96     AC: 15    Str: 11    XL:     13   Next: 35%
Magic:  25/25      EV: 16    Int: 20    God:    Hepliaklqana [*****.]
Gold:   939        SH:  0    Dex: 12    Spells: 17/29 levels left

rFire    . . .     SeeInvis .   h - +5 quarterstaff (crush)
rCold    . . .     Gourm    .   (shield currently unavailable)
rNeg     . . .     Faith    .   (armour unavailable)
rPois    .         Spirit   .   (helmet restricted)
rElec    +         Reflect  .   G - +2 cloak
rCorr    .         Harm     .   u - +2 pair of gloves
MR       .....                  v - +0 pair of boots
Stlth    ++........             m - amulet of magic regeneration
HPRegen  0.26/turn              (no ring)
MPRegen  0.44/turn              n - +5 ring of slaying

@: no status effects
A: breathe lightning, unfitting armour, reduced essence, electricity resistance,
cold-blooded, AC +8
a: Breathe Lightning, Recall Ancestor, Ancestor Identity, Transference,
Idealise, Renounce Religion


You were in a volcano.
You worshipped Hepliaklqana.
Hepliaklqana was extremely pleased with you.
You were not hungry.

You visited 3 branches of the dungeon, and saw 16 of its levels.
You also visited: Ossuary, Ice Cave and Volcano.

You collected 939 gold pieces.

Inventory:

Hand Weapons
 h - a +5 quarterstaff of crushing (weapon)
 k - the +1 spear of the Pits of Slime {pierce, Str+4}
   (You took it off a crimson imp on level 5 of the Dungeon)

   It inflicts extra damage upon your enemies.
   It affects your strength (+4).
 B - a +2 short sword of piercing
Armour
 u - a +2 pair of gloves (worn)
 v - a +0 pair of boots (worn)
 G - a +2 cloak (worn)
Magical Staves
 r - an uncursed staff of power
Jewellery
 e - an uncursed ring of ice
 l - an uncursed ring of ice
 m - an amulet of magic regeneration (around neck)
 n - a +5 ring of slaying (right hand)
Wands
 d - a wand of flame (22)
 q - a wand of acid (6)
 K - a wand of paralysis (12)
Scrolls
 a - a scroll of vulnerability {unknown}
 c - 2 scrolls of enchant armour
 j - a scroll of fog
 p - 6 scrolls of remove curse
 t - a scroll of amnesia
 w - 3 scrolls of teleportation
 y - a scroll of fear
 A - 2 scrolls of enchant weapon
 F - a scroll of magic mapping
 I - 3 scrolls of blinking
Potions
 f - a potion of mutation
 i - 3 potions of invisibility
 o - 5 potions of lignification
 s - 2 potions of curing
 x - a potion of ambrosia
 z - 7 potions of flight
 L - a potion of berserk rage
Books
 g - a book of Unlife

   Spells                             Type                      Level
   a - Recall                         Summoning/Translocation      3
   b - Animate Dead                   Necromancy                   4
   c - Borgnjor's Vile Clutch         Necromancy/Earth             5
   d - Death Channel                  Necromancy                   6
   e - Simulacrum                     Ice/Necromancy               6
Miscellaneous
 C - a lightning rod (4/4)
Comestibles
 b - 19 rations


   Skills:
 + Level 8.3 Fighting
 - Level 1.2(1.9) Polearms
 - Level 2.0(2.2) Staves
 + Level 8.7 Dodging
 - Level 1.7 Stealth
 + Level 8.8 Spellcasting
 + Level 8.0 Conjurations
 + Level 4.0 Charms
 + Level 4.0 Summonings
 * Level 13.3 Ice Magic
 + Level 3.0 Invocations
 + Level 4.0 Evocations


You had 17 spell levels left.
You knew the following spells:

 Your Spells              Type           Power        Failure   Level  Hunger
a - Freeze                Ice            ####         1%          1    None
b - Ozocubu's Armour      Chrm/Ice       #####...     1%          3    None
c - Throw Icicle          Conj/Ice       ######..     1%          4    ###....
d - Summon Ice Beast      Ice/Summ       #####...     2%          4    ###....


Dungeon Overview and Level Annotations

Branches:
Dungeon (13/15)            Temple (1/1) D:4            Lair (2/6) D:10
    Orc (0/2) D:12
  Swamp: Lair:2-4    Shoals: Lair:2-4     Snake: Lair:2-4    Spider: Lair:2-4
 Vaults: D:13-14

Altars:
Ashenzari
Cheibriados
Dithmenos
Elyvilon
Fedhas
Gozag
Hepliaklqana
Kikubaaqudgha
Makhleb
Nemelex Xobeh
Okawaru
Qazlal
Ru
Sif Muna
Trog
Uskayaw
Vehumet
Wu Jian
Xom
Yredelemnul
Zin
The Shining One

Shops:
D:12 **

Annotations:
D:3 Thaneod's ghost, amateur GrCK
D:8 Nr616's ghost, novice DEFE


Innate Abilities, Weirdness & Mutations

You can breathe wild blasts of lightning.
Your glossy black scales are hard. (AC +8)
You cannot fit into any form of body armour.
You are resistant to electric shocks. (rElec)
You are cold-blooded and may be slowed by cold attacks.
Your life essence is reduced to manifest your ancestor. (-10% HP)


Message History

The air gets thick with the scent of sulphur.
You start resting.
In the distance, the volcano erupts with a roar.
You start resting.
Some of the chunks of flesh in your inventory have rotted away.
Magic restored.
You start resting.
You feel a little less mighty now.
You start resting.
All of the chunks of flesh in your inventory have rotted away.
The air gets thick with the scent of sulphur.
You swap places.
There is a rocky tunnel leading out of this place here.
You start resting.
In the distance, the volcano erupts with a roar.
You are engulfed in blazing flames.
* * * LOW HITPOINT WARNING * * *
Onaxys is engulfed in blazing flames.
You swap places.
You are engulfed in blazing flames.
You die...

§§§≈ §§..
### ...
##§##..#
#R#)#..#
#@#)#..#
###)#§.##
##....#
##.......
≈..≈.≈≈
≈≈≈≈≈.≈
≈≈≈≈≈≈≈
≈≈≈≈≈≈≈
≈≈≈≈≈≈≈


You could see the friendly Onaxys the knight.

Vanquished Creatures
  Fannar (D:10)
  2 hydras
  4 two-headed ogres
  A deep elf mage (D:12)
  An oklob plant (Lair:1)
  4 ugly things
  2 salamanders (Volcano)
  Joseph (D:7)
  3 ice statues (IceCv)
  3 spiny frogs
  A kobold demonologist (D:11)
  2 centaur skeletons
  2 rime drakes (Lair:1)
  An efreet (Volcano)
  2 komodo dragons
  2 trolls
  2 blink frogs (Lair:1)
  2 hippogriffs
  5 slime creatures (D:12)
  Eustachio (D:4)
  13 yaks
  2 hogs (D:7)
  2 basilisks
  3 wargs (D:10)
  A soldier ant (D:12)
  2 hell hounds (Volcano)
  3 water moccasins
  5 orc warriors
  4 ice beasts
  3 sky beasts
  7 ogres
  3 crocodiles
  2 wolves (Lair:2)
  4 centaurs
  3 big kobolds
  8 bullfrogs
  2 killer bees (D:9)
  7 scorpions
  2 wights (D:7)
  4 crimson imps
  A jelly (D:9)
  5 orc priests
  6 hounds
  2 centaur zombies
  A bullfrog skeleton (D:9)
  3 iguanas
  9 orc wizards
  A human skeleton (D:5)
  5 worker ants
  A big kobold zombie (Ossuary)
  2 hound skeletons
  2 mummies (Ossuary)
  2 worker ant zombies
  Robin (D:2)
  9 adders
  3 scorpion zombies (Ossuary)
  3 shadow imps
  An ooze (D:1)
  An adder zombie (D:5)
  3 worms
  4 dart slugs
  8 leopard geckos
  37 orcs
  6 giant cockroaches
  10 goblins
  12 hobgoblins
  8 jackals
  3 quokkas
  6 bats
  7 frilled lizards
  2 goblin zombies (Ossuary)
  2 hobgoblin zombies (Ossuary)
  25 kobolds
  A kobold zombie (Ossuary)
  An orc skeleton (D:5)
  4 orc zombies
  2 rats
321 creatures vanquished.

Vanquished Creatures (collateral kills)
  A skeletal warrior (D:12)
  3 unseen horrors
  A cyclops (D:10)
  2 ugly things (D:12)
  A black mamba (Lair:2)
  2 centaur zombies
  A kobold demonologist (D:11)
  A hornet (D:11)
  A slime creature (D:12)
  A hippogriff (D:12)
  A blink frog (Lair:1)
  A vampire (D:9)
  15 yaks
  A wyvern (D:12)
  A fire bat (Volcano)
  A hog (D:7)
  A human (D:7)
  Edmund (D:6)
  A hungry ghost (D:10)
  3 porcupines
  2 water moccasins
  An orc warrior (D:7)
  6 ice beasts
  2 ogres
  A phantom (D:11)
  6 wolves (Lair:2)
  2 necrophages
  3 crocodiles
  2 big kobolds
  An elf skeleton (D:5)
  4 killer bees (D:9)
  5 scorpions
  3 wights (D:7)
  A howler monkey (D:10)
  A crimson imp (D:8)
  A bullfrog zombie (D:7)
  3 human zombies (Ossuary)
  2 orc priests
  2 bullfrog skeletons
  2 orc wizards
  4 worker ants
  A big kobold zombie (Ossuary)
  A mummy (Ossuary)
  A worker ant zombie (D:7)
  A scorpion zombie (Ossuary)
  3 adders
  A shadow imp (D:7)
  9 orcs
  A gnoll zombie (Ossuary)
  A hobgoblin zombie (Ossuary)
  3 kobolds
  A kobold zombie (Ossuary)
  An orc zombie (D:5)
  A fungus (Lair:2)
  A plant (Lair:1)
120 creatures vanquished.

Vanquished Creatures (others)
  A centaur (Volcano)
  2 knights
  3 ancestors
  An orc (D:10)
  A giant cockroach (D:1)
  3 fungi
  2 plants (Lair:1)
13 creatures vanquished.

Grand Total: 454 creatures vanquished

Notes
Turn   | Place    | Note
-------+----------+-------------------------------------------
     0 | D:1      | Inarius the Draconian Ice Elementalist began the quest for the Orb.
     0 | D:1      | Reached XP level 1. HP: 14/14 MP: 3/3
   153 | D:1      | Reached XP level 2. HP: 22/22 MP: 3/5
   557 | D:1      | Reached XP level 3. HP: 27/27 MP: 6/6
   938 | D:2      | Learned a level 3 spell: Ozocubu's Armour
  1190 | D:2      | Reached skill level 1 in Fighting
  1296 | D:2      | Reached XP level 4. HP: 31/35 MP: 3/8
  1434 | D:2      | Noticed Robin
  1437 | D:2      | Killed Robin
  1447 | D:2      | Reached skill level 4 in Ice Magic
  1644 | D:2      | Found a shattered altar of Ashenzari.
  1646 | D:2      | Found a hide-covered altar of Uskayaw.
  1646 | D:2      | Found a shimmering altar of Xom.
  1653 | D:2      | Found a stormy altar of Qazlal.
  1653 | D:2      | Found a deep blue altar of Sif Muna.
  1653 | D:2      | Found a blossoming altar of Fedhas.
  1944 | D:3      | Learned a level 4 spell: Throw Icicle
  1967 | D:3      | Found an opulent altar of Gozag.
  2242 | D:3      | Noticed Thaneod's ghost (amateur GrCK)
  2550 | D:3      | Reached skill level 1 in Charms
  2567 | D:3      | Reached XP level 5. HP: 27/40 MP: 5/9
  2786 | D:4      | Found a sacrificial altar of Ru.
  3075 | D:4      | Found a staircase to the Ecumenical Temple.
  3083 | Temple   | Entered the Ecumenical Temple
  3235 | Temple   | Became a worshipper of Hepliaklqana the Forgotten
  3801 | D:4      | Noticed Eustachio
  3888 | D:5      | Entered Level 5 of the Dungeon
  3920 | D:5      | Noticed an ice beast
  3999 | D:5      | Got a shimmering spear {pierce}
  4000 | D:5      | Identified the cursed +1 spear of the Pits of Slime {pierce, Str+4} (You took it off a crimson imp on level 5 of the Dungeon)
  4035 | D:5      | Reached XP level 6. HP: 42/42 MP: 11/11
  4128 | D:5      | Reached skill level 5 in Ice Magic
  4262 | D:5      | Noticed an ice beast
  4279 | D:5      | Killed an ice beast
  4291 | D:5      | Found a sand-covered staircase.
  4384 | D:5      | Reached * piety under Hepliaklqana
  4482 | D:5      | Your scales start taking on a glossy black colour.
  4482 | D:5      | Reached XP level 7. HP: 47/47 MP: 13/13
  4482 | D:5      | Gained mutation: You are resistant to electric shocks. (rElec) [Black Draconian growth]
  4519 | D:5      | Reached skill level 1 in Polearms
  4928 | D:5      | Reached skill level 6 in Ice Magic
  4928 | D:5      | Reached XP level 8. HP: 37/55 MP: 12/14
  4935 | D:6      | Found a sand-covered staircase.
  4940 | Ossuary  | Entered an ossuary
  5292 | Ossuary  | Reached skill level 5 in Spellcasting
  5776 | D:6      | Reached skill level 7 in Ice Magic
  5805 | D:6      | Learned a level 4 spell: Summon Ice Beast
  5833 | D:6      | Found an iron altar of Okawaru.
  5863 | D:6      | You fall through a shaft for 3 floors!
  5877 | D:9      | Noticed a hippogriff
  5914 | D:9      | Reached ** piety under Hepliaklqana
  5923 | D:8      | Remembered your ancestor Onaxys as a knight
  6001 | D:7      | Reached XP level 9. HP: 54/63 MP: 15/17
  6055 | D:6      | Found a shattered altar of Ashenzari.
  6331 | D:6      | Noticed Edmund
  6349 | D:6      | Killed Edmund
  6444 | D:6      | Reached skill level 5 in Conjurations
  6792 | D:4      | Killed Eustachio
  6977 | D:7      | Noticed Joseph
  6997 | D:7      | Killed Joseph
  6997 | D:7      | Reached skill level 5 in Dodging
  7368 | D:7      | Reached skill level 8 in Ice Magic
  7398 | D:7      | Reached skill level 1 in Staves
  7539 | D:7      | Reached skill level 1 in Summonings
  7705 | D:7      | Reached XP level 10. HP: 54/72 MP: 8/19
  7849 | D:8      | Reached skill level 5 in Fighting
  7922 | D:8      | Noticed Nr616's ghost (novice DEFE)
  8189 | D:8      | Reached *** piety under Hepliaklqana
  8678 | D:9      | Reached skill level 9 in Ice Magic
  8722 | D:9      | Found a hide-covered altar of Uskayaw.
  8722 | D:9      | Found a burning altar of Makhleb.
  8724 | D:9      | Found a bloodstained altar of Trog.
  8725 | D:9      | Found a shimmering altar of Xom.
  8766 | D:9      | Found a glowing golden altar of the Shining One.
  9463 | D:10     | Entered Level 10 of the Dungeon
  9466 | D:10     | Reached skill level 1 in Invocations
  9475 | D:10     | Reached skill level 10 in Ice Magic
  9488 | D:10     | Reached skill level 1 in Evocations
  9520 | D:10     | Found a staircase to the Lair.
  9581 | D:10     | Noticed Fannar
  9630 | D:10     | Noticed a cyclops
  9754 | D:10     | Killed a cyclops
  9754 | D:10     | Reached XP level 11. HP: 50/81 MP: 4/20
  9775 | D:10     | Killed Fannar
 10350 | D:10     | Reached **** piety under Hepliaklqana
 10572 | D:11     | Killed an unseen horror
 10696 | D:11     | Noticed a four-headed hydra
 10703 | D:11     | Killed a four-headed hydra
 10771 | D:11     | Noticed a two-headed ogre
 10771 | D:11     | Noticed a brown ugly thing
 10786 | D:11     | Killed a brown ugly thing
 10827 | D:11     | Killed a two-headed ogre
 10832 | D:11     | Reached skill level 11 in Ice Magic
 11018 | D:11     | Found a basalt altar of Yredelemnul.
 11475 | D:11     | Got a bloodstained flail
 11480 | D:11     | Identified the cursed +0 flail of Evui {speed, rElec rPois Str-3} (You found it on level 11 of the Dungeon)
 11587 | D:11     | Killed an unseen horror
 11703 | D:12     | Noticed a purple ugly thing
 11713 | D:12     | Killed a purple ugly thing
 11716 | D:12     | Reached XP level 12. HP: 35/90 MP: 14/22
 11862 | D:12     | Noticed an eight-headed hydra
 11866 | D:12     | Killed an eight-headed hydra
 11888 | D:12     | Noticed a two-headed ogre
 11893 | D:12     | Killed a two-headed ogre
 11958 | D:12     | Found Gadovedgh's Serpentskin Sales.
 12274 | D:12     | Reached ***** piety under Hepliaklqana
 12540 | D:12     | Found Najinkefuff's General Store.
 12620 | D:12     | Reached skill level 12 in Ice Magic
 12814 | D:12     | Found a staircase to the Orcish Mines.
 13601 | D:13     | Noticed a centaur warrior
 13601 | D:13     | Noticed a death knight
 13716 | Lair:1   | Entered Level 1 of the Lair of Beasts
 13812 | Lair:1   | Found a frozen archway.
 13843 | IceCv    | Entered an ice cave
 15287 | Lair:1   | Reached XP level 13. HP: 96/96 MP: 12/25
 16302 | Lair:2   | Reached skill level 13 in Ice Magic
 16362 | Lair:2   | Found a dark tunnel.
 16375 | Volcano  | Entered a volcano
 16583 | Volcano  | Engulfed by a cloud of flame

Skill      XL: |  1  2  3  4  5  6  7  8  9 10 11 12 13 |
---------------+----------------------------------------+-----
Dodging        | 2 3 4 5 6 7 8 |  8.7
Fighting       | 1 2 4 6 7 8 |  8.3
Ice Magic      | 4 5 6 7 8 10 11 12 13 | 13.3
Spellcasting   | 3 4 5 6 7 8 |  8.8
Charms         | 1 2 3 4 |  4.0
Conjurations   | 2 3 4 6 7 8 |  8.0
Polearms       | 1 |  1.2
Staves         | 2 |  2.0
Summonings     | 1 2 3 4 |  4.0
Invocations    | 1 2 3 |  3.0
Evocations     | 1 3 4 |  4.0
Stealth        | |  1.7

Action                   |  1- 3 |  4- 6 |  7- 9 | 10-12 | 13-15 || total
-------------------------+-------+-------+-------+-------+-------++-------
Melee: Hand axe          |    96 |       |       |       |       ||    96
       Unarmed           |     6 |       |       |       |       ||     6
       Tailslap          |     5 |    21 |    44 |    56 |     7 ||   133
       Dagger            |     4 |    99 |       |       |       ||   103
       Spear             |       |    71 |   321 |       |       ||   392
       Quarterstaff      |       |       |    48 |   483 |    80 ||   611
 Cast: Freeze            |    47 |    41 |     7 |       |       ||    95
       Ozocubu's Armour  |       |     1 |    14 |    30 |     6 ||    51
       Throw Icicle      |       |       |    29 |    99 |    32 ||   160
       Summon Ice Beast  |       |       |     2 |    24 |       ||    26
Invok: Recall Ancestor   |       |     1 |     3 |     1 |     1 ||     6
       Ancestor Identity |       |     1 |       |       |       ||     1
       Ancestor Life: Kn |       |       |     1 |       |       ||     1
       Transference      |       |       |       |     1 |       ||     1
 Abil: Breathe Lightning |       |       |       |       |     1 ||     1
  Use: Scroll            |     4 |     5 |    12 |    10 |       ||    31
       Potion            |       |     1 |     1 |     9 |     5 ||    16
 Stab: Sleeping          |     4 |     3 |     6 |     2 |       ||    15
       Distracted        |       |     3 |     1 |     8 |     1 ||    13
  Eat: Chunk             |     2 |     9 |    12 |    31 |     5 ||    59
       Ration            |       |       |     2 |     2 |     1 ||     5
Armor: Skin              |    64 |    71 |   108 |   286 |    46 ||   575
Dodge: Dodged            |   134 |    93 |   204 |   508 |   111 ||  1050
